 Dungeon Crawl Stone Soup version 0.29-b1-12-g9e2288ab2a (webtiles) character file.

Game seed: 7421766270040309311

174 Zeldest the Protected (level 5, -3/37 HPs)
             Began as a Gnoll Wanderer on Aug 23, 2022.
             Killed by divine providence
             ... invoked by an orc priest
              (15 damage)
             ... on level 3 of the Dungeon.
             The game lasted 00:06:09 (1183 turns).

Zeldest the Protected (Gnoll Wanderer)              Turns: 1183, Time: 00:06:10

Health: -3/37      AC:  6    Str: 10    XL:     5   Next: 54%
Magic:  9/9        EV: 10    Int: 17    God:
Gold:   126        SH:  3    Dex:  9    Spells: 10/10 levels left

rFire   . . .      SeeInvis .   g - +2 short sword (elec)
rCold   . . .      Faith    .   h - +0 buckler
rNeg    . . .      Spirit   .   c - +0 ring mail
rPois   .          Reflect  .   (no helmet)
rElec   .          Harm     .   (no cloak)
rCorr   .          Rampage  .   (no gloves)
Will    .....                   (no boots)
Stlth   +.........              (no amulet)
HPRegen 0.12/turn               (no ring)
MPRegen 0.11/turn               (no ring)

@: no status effects
A: fangs 1, strong nose, distributed training
a: no special abilities


You were on level 3 of the Dungeon.
You visited 1 branch of the dungeon, and saw 3 of its levels.

You collected 222 gold pieces.
You spent 96 gold pieces at shops.

Inventory:

Hand Weapons
 a - a +4 whip
 g - a +2 short sword of electrocution (weapon)
Missiles
 e - 2 poisoned darts
 j - 3 silver javelins
 n - 6 curare-tipped darts (quivered)
Armour
 c - a +0 ring mail (worn)
 h - a +0 buckler (worn)
Wands
 k - a wand of iceblast (5)
Scrolls
 f - a scroll of vulnerability {unknown}
 i - a scroll of amnesia {unknown}
 l - a scroll of brand weapon {unknown}
 p - a scroll of noise {unknown}
 q - a scroll of immolation {unknown}
 r - a scroll of acquirement {unknown}
Potions
 b - 2 potions of curing
 d - a potion of mutation {unknown}
 m - 2 potions of cancellation {unknown}
 o - 2 potions of attraction {unknown}


   Skills:
 + Level 1.6 Fighting
 + Level 1.6 Short Blades
 + Level 1.6 Long Blades
 + Level 1.6 Axes
 + Level 1.6 Maces & Flails
 + Level 1.6 Polearms
 + Level 1.6 Staves
 + Level 1.6 Ranged Weapons
 + Level 1.6 Throwing
 + Level 8.7 Armour
 + Level 3.0 Dodging
 + Level 1.6 Stealth
 + Level 1.6 Shields
 + Level 1.6 Unarmed Combat
 + Level 3.2 Spellcasting
 + Level 1.3 Conjurations
 + Level 2.4 Hexes
 + Level 1.3 Summonings
 + Level 1.3 Necromancy
 + Level 1.3 Translocations
 + Level 1.3 Transmutations
 + Level 1.3 Fire Magic
 + Level 5.6 Ice Magic
 + Level 1.3 Air Magic
 + Level 1.3 Earth Magic
 + Level 1.3 Poison Magic
 + Level 1.8 Invocations
 + Level 1.6 Evocations


You had 10 spell levels left.
You didn't know any spells.
Your spell library contained the following spells:

 Spells                   Type           Power      Damage    Failure   Level
 Freeze                   Ice            84%        1d10      4%          1
 Slow                     Hex            44%        N/A       19%         1
 Portal Projectile        Hex/Tloc       18%        N/A       56%         3
 Hailstorm                Conj/Ice       14%        3d5       75%         4
 Summon Ice Beast         Ice/Summ       14%        N/A       75%         4


Dungeon Overview and Level Annotations

Branches:
Dungeon (3/15)

Altars:
Sif Muna

Shops:
D:2 *

Annotations:
D:3 2 transporters, snackwell's ghost, amateur DsBe


Innate Abilities, Weirdness & Mutations

You have very sharp teeth.
Your uncanny sense of smell can sniff out nearby items.
Your experience applies equally to all skills.


Message History

You now have 126 gold pieces (gained 3).
Found a shimmering blue altar of Sif Muna.
A hobgoblin comes into view.
A hobgoblin is nearby!
A hobgoblin is nearby!
A hobgoblin is nearby!
The hobgoblin shouts!
You completely miss the hobgoblin. Your bite misses the hobgoblin.
The hobgoblin hits you but does no damage.
You hit the hobgoblin.
The hobgoblin is severely wounded.
The hobgoblin hits you.
You hit the hobgoblin.
You kill the hobgoblin!
You see here a hobgoblin corpse.
There is a stone staircase leading up here.
An orc comes into view. It is wielding a +0 mace.
The orc shouts!
You hear a shout! x2 2 orcs and a scorpion come into view.
Found an escape hatch in the ceiling.
Found a stone staircase leading down.
The orc shouts! x2
An orc comes into view. It is wielding a +0 club.
An orc priest comes into view. It is wielding a +0 morningstar.
You hit the orc.
You kill the orc!
You closely miss the orc. The orc misses you.
You barely miss the orc. Your bite misses the orc.
The orc hits you but does no damage.
You closely miss the orc. The orc barely misses you.
You closely miss the orc. The orc hits you with a +0 dagger.
You barely miss the orc.
The orc priest mumbles some strange prayers to Beogh against you.
Beogh smites you! The orc barely misses you. The orc attacks as you move away!
You block the orc's attack.
The orc priest looks satisfied for a moment.
The orc throws a stone.
The stone hits you.
There is a stone staircase leading up here.
The orc priest calls down the wrath of Beogh upon you.
Beogh smites you!
You die...

......#..........©#.....†
.s.o..#############..##.#
.<..........©........##.#
.>.....oo...............#
##o####.######.###.# ..
#s# #..# #.# #.. ... #o#
#.## #.###.. #.#
##.###.#######.##... #.#
#..@................ #.#
#..########.....#..> #.#
#..# #....####.
#.####..### #...## #.
#.........# #...# #.
#.#####.#.# ..######### ∆
#.# #.#.# .###........
#.# #.# # #..#...#.
#.#####.# #_.......


You could see a scorpion, an orc priest and 2 orcs.

Vanquished Creatures
  A scorpion (D:2)
  Jessica (D:3)
  An iguana (D:3)
  An adder (D:2)
  A dart slug (D:2)
  2 orcs (D:3)
  5 bats
  7 endoplasms
  2 giant cockroaches
  6 goblins
  6 hobgoblins
  3 kobolds
  A quokka (D:1)
  3 ball pythons
  A frilled lizard (D:2)
  6 rats
47 creatures vanquished.

Vanquished Creatures (others)
  5 fungi
  A plant (D:2)
  3 toadstools (D:1)
9 creatures vanquished.

Grand Total: 56 creatures vanquished

Notes
Turn   | Place    | Note
-------+----------+-------------------------------------------
     0 | D:1      | Zeldest the Gnoll Wanderer began the quest for the Orb.
     0 | D:1      | Zeldest set off with the following items: a +0 club, a
                  | potion of curing, a +0 ring mail; and the following spells
                  | available to memorise: Freeze, Slow, Portal Projectile,
                  | Hailstorm, Summon Ice Beast.
     0 | D:1      | Reached XP level 1. HP: 13/13 MP: 4/4
   106 | D:2      | Noticed a scorpion
   117 | D:1      | Reached XP level 2. HP: 6/19 MP: 5/5
   546 | D:2      | Reached XP level 3. HP: 12/25 MP: 7/7
   576 | D:2      | Reached skill level 1 in Invocations
   641 | D:2      | Found Zac Moff's Assorted Antiques.
   693 | D:2      | Killed a scorpion
   694 | D:2      | Reached skill level 1 in Fighting
   694 | D:2      | Reached skill level 1 in Short Blades
   694 | D:2      | Reached skill level 1 in Long Blades
   694 | D:2      | Reached skill level 1 in Axes
   694 | D:2      | Reached skill level 1 in Maces & Flails
   694 | D:2      | Reached skill level 1 in Polearms
   694 | D:2      | Reached skill level 1 in Staves
   694 | D:2      | Reached skill level 1 in Ranged Weapons
   694 | D:2      | Reached skill level 1 in Throwing
   694 | D:2      | Reached skill level 1 in Stealth
   694 | D:2      | Reached skill level 1 in Shields
   694 | D:2      | Reached skill level 1 in Unarmed Combat
   694 | D:2      | Reached skill level 1 in Conjurations
   694 | D:2      | Reached skill level 1 in Summonings
   694 | D:2      | Reached skill level 1 in Necromancy
   694 | D:2      | Reached skill level 1 in Translocations
   694 | D:2      | Reached skill level 1 in Transmutations
   694 | D:2      | Reached skill level 1 in Fire Magic
   694 | D:2      | Reached skill level 1 in Air Magic
   694 | D:2      | Reached skill level 1 in Earth Magic
   694 | D:2      | Reached skill level 1 in Poison Magic
   694 | D:2      | Reached skill level 1 in Evocations
   694 | D:2      | Reached XP level 4. HP: 13/32 MP: 8/8
   718 | D:2      | Bought a brass wand for 96 gold pieces
   839 | D:2      | Found a faded altar of an unknown god.
   975 | D:3      | Found a transporter.
   976 | D:3      | Noticed snackwell's ghost (amateur DsBe)
   979 | D:3      | Found a transporter.
   999 | D:3      | Noticed Jessica
  1013 | D:3      | Reached XP level 5. HP: 24/37 MP: 9/9
  1035 | D:3      | Killed Jessica
  1112 | D:3      | Found a shimmering blue altar of Sif Muna.
  1183 | D:3      | Killed from afar by an orc priest

Illustrated notes

Levels and vault maps discovered:
D:1:      spicycebolla_green_bress_n_ham, layout_loops_corners,
          minmay_gold_behind_fungi
D:2:      layout_rooms, serial_shops, shop,
          dreamdust_ecumenical_altar_hidden_monk_grotto, minmay_cut_off
D:3:      layout_loops_ring, mainiacjoe_overflow_chevrons,
          lemuel_coloured_pillars_altar, gammafunk_ghost_mausoleum,
          moated_statue, uniq_jessica

Skill      XL: |  1  2  3  4  5 |
---------------+----------------+-----
Hexes          | 2 |  2.4
Invocations    | 1 |  1.8
Fighting       | 1 |  1.6
Short Blades   | 1 |  1.6
Long Blades    | 1 |  1.6
Axes           | 1 |  1.6
Maces & Flails | 1 |  1.6
Polearms       | 1 |  1.6
Staves         | 1 |  1.6
Ranged Weapons | 1 |  1.6
Throwing       | 1 |  1.6
Stealth        | 1 |  1.6
Shields        | 1 |  1.6
Unarmed Combat | 1 |  1.6
Spellcasting   | 3 |  3.2
Conjurations   | 1 |  1.3
Summonings     | 1 |  1.3
Necromancy     | 1 |  1.3
Translocations | 1 |  1.3
Transmutations | 1 |  1.3
Fire Magic     | 1 |  1.3
Air Magic      | 1 |  1.3
Earth Magic    | 1 |  1.3
Poison Magic   | 1 |  1.3
Evocations     | 1 |  1.6
Dodging        | 3 |  3.0
Armour         | |  8.7
Ice Magic      | |  5.6

Action                   |  1- 3 |  4- 6 || total
-------------------------+-------+-------++-------
Melee: Whip              |    29 |       ||    29
       Unarmed           |    14 |       ||    14
       Punch             |     2 |       ||     2
       Bite              |     6 |     3 ||     9
       Short sword       |    73 |    59 ||   132
Throw: Dart              |     2 |     7 ||     9
  Use: Potion            |     1 |       ||     1
       Scroll            |       |     1 ||     1
Armor: Ring mail         |    42 |    21 ||    63
Dodge: Dodged            |    55 |    29 ||    84
Block: Buckler           |     8 |     8 ||    16
